 Dungeon Crawl Stone Soup version 0.17.1-1-g73c8601 (webtiles) character file.

369 PossumBlood the Chopper (level 7, -3/52 HPs)
             Began as a Formicid Fighter on Jan 7, 2016.
             Killed by divine providence
             ... invoked by an orc priest
              (12 damage)
             ... on level 3 of the Dungeon.
             The game lasted 00:05:19 (1877 turns).

PossumBlood the Chopper (Formicid Fighter)          Turns: 1877, Time: 00:05:19

Health: -3/52      AC: 15    Str: 23    XL:     7   Next: 1%
Magic:  7/7        EV:  4    Int:  7    God:
Gold:   123        SH:  9    Dex: 10    Spells: 0 memorised, 6 levels left

rFire  . . .     SeeInvis +     a - +0 war axe
rCold  . . .     Clarity  .     v - +3 plate armour
rNeg   . . .     SustAt   .     c - +0 shield
rPois  .         Gourm    .     (helmet unavailable)
rElec  .         Spirit   .     (no cloak)
rCorr  .         Warding  .     t - +0 pair of gloves
rMut   .         Stasis   +     (no boots)
MR     .....                    (no amulet)
Stlth  ..........               (no ring)
                                (no ring)

@: lethally poisoned (-3 -> -4), not resistant to hostile enchantments,
extremely unstealthy
A: permanent stasis, dig shafts and tunnels, four strong arms, antennae 3
a: Dig, Shaft Self


You were on level 3 of the Dungeon.
You were not hungry.

You visited 1 branch of the dungeon, and saw 3 of its levels.

You collected 123 gold pieces.

Inventory:

Hand Weapons
 a - a +0 war axe (weapon)
Armour
 c - a +0 shield (worn)
 t - a +0 pair of gloves (worn)
 v - a +3 plate armour (worn)
Scrolls
 f - 3 scrolls of teleportation
 k - a scroll of noise
Potions
 d - a potion of might
 h - a potion of invisibility {unknown}
 i - a potion of mutation {unknown}
 l - a potion of haste {unknown}
 n - a potion of poison {unknown}
 o - a potion of magic {unknown}
 r - 2 potions of cancellation
Comestibles
 e - 4 bread rations
 g - 2 beef jerkies
 m - a meat ration
 u - a slice of pizza


   Skills:
 - Level 3.2 Fighting
 * Level 6.9 Axes
 - Level 3.2 Armour
 - Level 3.6 Shields


You had 6 spell levels left.
You didn't know any spells.

Dungeon Overview and Level Annotations

Branches:
Dungeon (3/15)

Altars:
Kikubaaqudgha


Innate Abilities, Weirdness & Mutations

You are under a permanent stasis effect.
You can dig through walls and to a lower floor.
Your four strong arms can wield two-handed weapons with a shield.
You have a pair of large antennae on your head (SInv).


Message History

The orc priest is heavily wounded.
The orc priest invokes the aid of Beogh against you.
Something smites you!
* * * LOW HITPOINT WARNING * * *
The orc priest barely misses you.
Your plate armour prevents you from hitting the orc priest.
The orc priest is heavily wounded.
The orc priest casts a cantrip, but nothing happens.
You hit the orc priest.
The orc priest is severely wounded.
You feel sick. You block the orc priest's attack.
You hit the orc priest but do no damage.
The orc priest is severely wounded.
The orc priest barely misses you.
You slash the orc priest!
You kill the orc priest!
You have reached level 7!
The orc priest mumbles some strange prayers to Beogh against you.
Something smites you!
You die...

#..# #.# #
#..#### #
#.....## #
###.......
# ....... #
##..# # ###
#o((#######
# ..###
#)#.(...o.#
## ....#
#@#######.#
#. ###.#
#.# #.
.##.# #.#
#. ..#.#
#†# #.
§.#§# #.#
#. §§§.#
###.# #.
§§#§# #(..#
#. §§#.#
#######...#
#. .##.#
#.........#
#.


You could see an orc priest.

Vanquished Creatures
  Sigmund (D:3)
  A hound (D:3)
  2 orc priests (D:3)
  An orc wizard (D:3)
  3 adders
  An ooze (D:1)
  A worm (D:2)
  A giant gecko (D:3)
  5 orcs (D:3)
  3 bats
  3 hobgoblins
  9 jackals
  13 kobolds
  A quokka (D:2)
  3 giant cockroaches
  3 giant newts
  6 goblins
  7 rats
64 creatures vanquished.

Notes
Turn   | Place    | Note
--------------------------------------------------------------
     0 | D:1      | PossumBlood the Formicid Fighter began the quest for the Orb.
     0 | D:1      | Reached XP level 1. HP: 18/18 MP: 1/1
    55 | D:1      | Reached XP level 2. HP: 18/24 MP: 2/2
   553 | D:1      | Reached XP level 3. HP: 26/29 MP: 3/3
   827 | D:2      | Reached skill level 4 in Axes
   827 | D:2      | Reached XP level 4. HP: 33/35 MP: 4/4
  1453 | D:3      | Reached XP level 5. HP: 41/41 MP: 5/5
  1528 | D:3      | Noticed Sigmund
  1547 | D:3      | Killed Sigmund
  1547 | D:3      | Reached skill level 6 in Axes
  1547 | D:3      | Reached XP level 6. HP: 33/47 MP: 6/6
  1750 | D:3      | Found an ancient bone altar of Kikubaaqudgha.
  1877 | D:3      | Reached XP level 7. HP: 9/52 MP: 7/7
  1877 | D:3      | Killed from afar by an orc priest

Action                   |  1- 3 |  4- 6 |  7- 9 || total
-------------------------+-------+-------+-------++-------
Melee: War axe           |    90 |   125 |       ||   215
  Use: Scroll            |       |     8 |       ||     8
       Potion            |       |     2 |       ||     2
  Eat: Bread ration      |       |     1 |       ||     1
